 Dungeon Crawl Stone Soup version 0.17-a0-1830-g81820eb (webtiles) character file.

186 Medved the Chiller (level 5, 0/35 HPs)
             Began as a Vampire Ice Elementalist on Sept 13, 2015.
             Slain by a quokka (3 damage)
             ... on level 7 of the Dungeon.
             The game lasted 00:16:54 (7038 turns).

Medved the Chiller (Vampire Ice Elementalist)       Turns: 7038, Time: 00:16:54

Health: 0/35       AC:  3    Str:  7      XL:     5   Next: 38%
Magic:  9/9        EV: 12    Int: 19      God:
Gold:   201        SH:  0    Dex: 10 (14) Spells: 2 memorised, 5 levels left

rFire  . . .     SeeInvis +     (no weapon)
rCold  + + .     Clarity  .     a - +0 robe
rNeg   + + +     SustAt   .     (no shield)
rPois  +         Gourm    .     (no helmet)
rElec  .         Spirit   .     (no cloak)
rCorr  .         Warding  .     r - +0 pair of gloves
rMut   .         Stasis   .     (no boots)
MR     .....                    (no amulet)
Stlth  ++........               (no ring)
                                (no ring)

@: regenerating slowly, not resistant to hostile enchantments, unstealthy
A: fangs 3, see invisible, unbreathing
a: Bat Form


You were on level 7 of the Dungeon.
You were near bloodless.

You visited 1 branch of the dungeon, and saw 6 of its levels.

You collected 201 gold pieces.

Inventory:

Armour
 a - a +0 robe (worn)
 r - a +0 pair of gloves (worn)
Jewellery
 c - an uncursed ring of sustain attributes {unknown}
 i - a cursed -2 ring of evasion
Magical devices
 g - a wand of fire (8)
Scrolls
 f - a scroll of fear {unknown}
 k - 2 scrolls of immolation
Potions
 d - 2 potions of curing {unknown}
 e - a potion of brilliance {unknown}
 j - a potion of magic {unknown}
 l - a potion of blood
 n - 2 potions of agility {unknown}
 p - a potion of mutation {unknown}
Books
 b - a book of Frost

   Spells                             Type                      Level
   a - Freeze                         Ice                          1
   b - Throw Frost                    Conjuration/Ice              2
   c - Ozocubu's Armour               Charms/Ice                   3
   d - Throw Icicle                   Conjuration/Ice              4
   e - Summon Ice Beast               Ice/Summoning                4
   f - Condensation Shield            Ice                          4


   Skills:
 + Level 0.1 Fighting
 + Level 2.9 Dodging
 + Level 3.4 Stealth
 + Level 3.0 Spellcasting
   Level 0.6 Conjurations
 * Level 5.1 Ice Magic


You had 5 spell levels left.
You knew the following spells:

 Your Spells              Type           Power        Failure   Level  Hunger
a - Freeze                Ice            ###.         1%          1    None
b - Summon Ice Beast      Ice/Summ       ##......     63%         4    ####...


Dungeon Overview and Level Annotations

Branches:
Dungeon (7/15)
 Temple: D:4-7

Altars:
Kikubaaqudgha
Nemelex Xobeh

Shops:
D:7 (

Annotations:
D:3 Grinder


Innate Abilities, Weirdness & Mutations

You heal slowly.
You have razor-sharp teeth.
You have supernaturally acute eyesight.
You can survive without breathing.


Message History

A wight comes into view.
It is wielding a long sword of freezing.
The giant frog croaks. 2 wights come into view.
A wight comes into view. It is wielding a war axe.
The wight hits you with an enchanted short sword.
The quokka bites you.
The wight moves out of view.
The wight moves out of view.
You hit the giant frog but do no damage.
The giant frog hits you.
The wight hits you with an enchanted short sword!
* * * LOW HITPOINT WARNING * * *
The quokka barely misses you.
The giant frog hits you but does no damage.
You hit the giant frog.
The giant frog is lightly wounded.
The giant frog misses you. The quokka closely misses you.
The crimson imp barely misses you.
You closely miss the giant frog.
The giant frog is lightly wounded.
The giant frog misses you. The quokka bites you.
You die...

#........
#...........#.#.#?#..#
#............#.#.#...
............$.#.#...###
.#######+#+...........#
..... .............#
.#### .............# .$
.. .# ........r....#
.##.. .#
...z.zF@5....##..... ..
#..z#..z..$.........
### . #..............#
#..............#
######'###?......
#................
#................
#................
######+##...###..


You could see a giant frog, 4 wights, a crimson imp and a quokka.

Vanquished Creatures
  A hound (D:4)
  Terence (D:2)
  4 gnolls (D:4)
  3 adders
  An ooze (D:4)
  5 worms
  4 giant cockroaches
  7 goblins
  A hobgoblin (D:2)
  6 kobolds
  3 quokkas
  5 bats
  3 giant geckos
  5 giant newts
  4 jackals
  6 rats
59 creatures vanquished.

Notes
Turn   | Place    | Note
--------------------------------------------------------------
     0 | D:1      | Medved the Vampire Ice Elementalist began the quest for the Orb.
     0 | D:1      | Reached XP level 1. HP: 13/13 MP: 3/3
   553 | D:1      | Reached XP level 2. HP: 19/19 MP: 3/5
  1178 | D:2      | Found a faded altar to an unknown god.
  1287 | D:2      | Reached XP level 3. HP: 13/24 MP: 0/6
  1354 | D:2      | Noticed Terence
  1366 | D:2      | Killed Terence
  1366 | D:2      | Reached skill level 4 in Ice Magic
  1844 | D:2      | Found an ancient bone altar of Kikubaaqudgha.
  1971 | D:2      | Reached XP level 4. HP: 26/30 MP: 2/7
  2869 | D:3      | Noticed Grinder
  3485 | D:3      | Paralysed by Grinder for 5 turns
  4280 | D:4      | Reached XP level 5. HP: 10/35 MP: 5/9
  4904 | D:4      | Noticed a phantom
  4947 | D:4      | Reached skill level 5 in Ice Magic
  5524 | D:5      | Entered Level 5 of the Dungeon
  5963 | D:5      | Found a sparkling altar of Nemelex Xobeh.
  6117 | D:4      | Learned a level 4 spell: Summon Ice Beast
  6271 | D:5      | Noticed a neqoxec
  6970 | D:4      | You fall through a shaft for 3 floors!
  6971 | D:7      | Found Xooq Wye's Weapon Emporium.
  7038 | D:7      | Slain by a quokka

Vault maps used:
D:1:      dpeg_arrival_shrine
D:2:      nicolae_overflow_hidden_temple, ecumenical_altar_1, uniq_terence
D:3:      uniq_grinder
D:4:      kennysheep_little_box, first_bread, serial_shops, shop, serial_glass,
          glass_columns_b, glass_columns_c, grunt_ministairs_11,
          supply_closet_lemuel, small_statue_intersection
D:5:      nemelex_deck, serial_shops, shop_fountains
D:7:      minmay_temple_entry_grid, serial_shops, nicolae_shop_crystal

Action                   |  1- 3 |  4- 6 || total
-------------------------+-------+-------++-------
Melee: Unarmed           |     9 |    49 ||    58
 Cast: Freeze            |    56 |    97 ||   153
       Summon Ice Beast  |       |     1 ||     1
  Use: Potion            |     7 |     6 ||    13
       Scroll            |       |     8 ||     8
 Stab: Distracted        |       |     1 ||     1
